 Dungeon Crawl Stone Soup version 0.29.1-1-gd02db6906a (webtiles) character file.

Game seed: 15713222528511039467

43 mcbry74 the Trooper (level 3, -2/33 HPs)
             Began as a Hill Orc Fighter on Sept 27, 2022.
             Slain by Pargi (6 damage)
             ... on level 3 of the Dungeon.
             The game lasted 00:03:23 (1924 turns).

mcbry74 the Trooper (Hill Orc Fighter)              Turns: 1924, Time: 00:03:23

Health: -2/33      AC:  8    Str: 18    XL:     3   Next: 58%
Magic:  3/3        EV:  9    Int: 10    God:
Gold:   112        SH:  4    Dex: 10    Spells: 2/2 levels left

rFire   . . .      SeeInvis .   a - +0 war axe
rCold   . . .      Faith    .   c - +0 buckler
rNeg    . . .      Spirit   .   b - +0 scale mail
rPois   .          Reflect  .   (no helmet)
rElec   .          Harm     .   (no cloak)
rCorr   .          Rampage  .   m - +0 pair of gloves
Will    .....                   (no boots)
Stlth   ..........              (no amulet)
HPRegen 0.11/turn               (no ring)
MPRegen 0.08/turn               (no ring)

@: no status effects
A: no striking features
a: no special abilities


You were on level 3 of the Dungeon.
You visited 1 branch of the dungeon, and saw 3 of its levels.

You collected 112 gold pieces.

Inventory:

Hand Weapons
 a - a +0 war axe (weapon)
Missiles
 l - 14 stones (quivered)
Armour
 b - a +0 scale mail (worn)
 c - a +0 buckler (worn)
 m - a +0 pair of gloves (worn)
Scrolls
 e - a scroll of teleportation {unknown}
 f - a scroll of amnesia {unknown}
 g - a scroll of vulnerability {unknown}
 h - 2 scrolls of identify {unknown}
 i - a scroll of butterflies {unknown}
 j - a scroll of blinking {unknown}
 n - a scroll of enchant armour {unknown}
 p - a scroll of poison {unknown}
Potions
 d - 2 potions of might
 o - a potion of resistance {unknown}
 q - a potion of mutation {unknown}


   Skills:
 + Level 4.0 Fighting
 * Level 3.7 Axes
 + Level 3.7 Armour
 + Level 3.6 Shields


You had 2 spell levels left.
You didn't know any spells.
Your spell library contained the following spells:

 Spells                   Type           Power      Damage    Failure   Level
 Freeze                   Ice            0%         1d3       83%         1
 Frozen Ramparts          Ice            0%         1d1       99%         3
 Hailstorm                Conj/Ice       0%         3d3       100%        4
 Passage of Golubria      Tloc           0%         N/A       100%        4
 Silence                  Hex/Air        0%         N/A       100%        5
 Lehudib's Crystal Spear  Conj/Erth      0%         10d2      100%        8


Dungeon Overview and Level Annotations

Branches:
Dungeon (3/15)

Altars:

Annotations:
D:3 Pargi


Message History

You hit Pargi but do no damage.
Pargi is lightly wounded.
Pargi looks more healthy.
Pargi bites you. You block Pargi's attack. Pargi claws you.
You closely miss Pargi. Pargi closely misses you. You block Pargi's attack.
Pargi claws you but does no damage.
You closely miss Pargi. Pargi bites you. Pargi claws you but does no damage.
Pargi barely misses you. Pargi closely misses you.
Pargi claws you but does no damage. Pargi closely misses you.
You hit Pargi.
Pargi is lightly wounded.
Pargi bites you. Pargi claws you but does no damage. x2
You closely miss Pargi.
Pargi is lightly wounded.
You block Pargi's attack. Pargi claws you but does no damage.
Pargi closely misses you.
You slash Pargi!
Pargi is heavily wounded.
Pargi bites you. Pargi barely misses you. Pargi claws you but does no damage.
Pargi bites you. Pargi claws you but does no damage. Pargi claws you.
You hit Pargi.
Pargi is heavily wounded.
Pargi bites you but does no damage. Pargi barely misses you.
Pargi closely misses you.
You barely miss Pargi.
Pargi is heavily wounded.
Pargi barely misses you. You block Pargi's attack.
Pargi claws you but does no damage.
You barely miss Pargi.
Pargi is heavily wounded.
Pargi hisses, "I bite!"
Pargi bites you. Pargi claws you but does no damage. Pargi closely misses you.
Pargi barely misses you. Pargi claws you but does no damage. x2
You hit Pargi.
Pargi is heavily wounded.
Pargi bites you!
* * * LOW HITPOINT WARNING * * *
Pargi claws you but does no damage. x2
Pargi attacks as you move away! Pargi bites you.
You die...

########### #.........#
#.........# #.......<.######
#....<...)..^..###
#.........##...@T######.#...
#.........#####..r.......(((
########### ######.##.####
#... ##...# .#... .?....
.##### .#


You could see Pargi and a quokka.

Vanquished Creatures
  2 dart slugs (D:1)
  3 endoplasms
  3 giant cockroaches
  4 hobgoblins (D:1)
  A quokka (D:1)
  6 ball pythons
  2 bats (D:1)
  3 frilled lizards (D:1)
  4 goblins
  7 kobolds
  A rat (D:1)
36 creatures vanquished.

Notes
Turn   | Place    | Note
-------+----------+-------------------------------------------
     0 | D:1      | mcbry74 the Hill Orc Fighter began the quest for the Orb.
     0 | D:1      | Reached XP level 1. HP: 19/19 MP: 1/1
    79 | D:1      | Reached XP level 2. HP: 25/27 MP: 2/2
   480 | D:1      | Reached XP level 3. HP: 22/33 MP: 3/3
   923 | D:1      | Found a faded altar of an unknown god.
   978 | D:1      | Reached skill level 4 in Fighting
  1903 | D:3      | Noticed Pargi
  1924 | D:3      | Slain by Pargi

Illustrated notes

Levels and vault maps discovered:
D:1:      minmay_arrival_loop, layout_loops_ring,
          shapermc_ecumenical_altar_petra, minivault_25
D:2:      layout_basic
D:3:      layout_rooms, mainiacjoe_overflow_paths,
          nicolae_ru_sacrificial_ziggurat, uniq_terence, uniq_pargi

Skill      XL: |  1  2  3 |
---------------+----------+-----
Axes           | 3 |  3.7
Fighting       | 4 |  4.0
Armour         | |  3.7
Shields        | |  3.6

Action                   || total
-------------------------++-------
Melee: War axe           ||   101
Throw: Dart              ||     3
Armor: Scale mail        ||    49
Dodge: Dodged            ||    55
Block: Buckler           ||    25
